 Dungeon Crawl Stone Soup version 0.25-a0-425-g0e000e855e (console) character file.

Game seed: 14387403514290305689, levelgen mode: deterministic

214 Asser the Archer (level 5, -1/41 HPs)
             Began as a Centaur Hunter on Jan 24, 2020.
             Slain by a goblin
             ... wielding a +0 dagger
             ... led by Robin
              (6 damage)
             ... on level 3 of the Dungeon.
             The game lasted 00:12:03 (2339 turns).

Asser the Archer (Centaur Hunter)                   Turns: 2339, Time: 00:12:04

Health: -1/41      AC:  4    Str: 15    XL:     5   Next: 59%
Magic:  5/5        EV:  9    Int: 10    God:
Gold:   81         SH:  0    Dex: 10    Spells: 4/4 levels left

rFire    . . .     SeeInvis .   i - +0 short sword
rCold    . . .     Gourm    .   (no shield)
rNeg     . . .     Faith    .   c - +0 leather armour
rPois    .         Spirit   .   (no helmet)
rElec    .         Reflect  .   (no cloak)
rCorr    .         Harm     .   (no gloves)
MR       .....                  (no barding)
Stlth    +.........             (no amulet)
HPRegen  0.13/turn              (no ring)
MPRegen  0.09/turn              (no ring)

@: about to teleport, very quick
A: large, hooves 3, deformed body, speed 2, tough skin 3
a: no special abilities


You were on level 3 of the Dungeon.
You were not hungry.

You visited 1 branch of the dungeon, and saw 4 of its levels.

You collected 81 gold pieces.

Inventory:

Hand Weapons
 a - a +1 shortbow
 i - a +0 short sword (weapon)
Missiles
 d - 2 arrows
Armour
 c - a +0 leather armour (worn)
 o - a +2 buckler
Scrolls
 e - a scroll of magic mapping
 h - a scroll of identify {unknown}
 k - a scroll of blinking {unknown}
 l - 4 scrolls of remove curse {unknown}
 m - 2 scrolls of amnesia {unknown}
 n - a scroll of teleportation
Potions
 b - a potion of might {unknown}
 g - a potion of curing {unknown}
 j - 2 potions of heal wounds {unknown}
Comestibles
 f - 3 rations


   Skills:
 - Level 2.0 Fighting
 + Level 8.5 Bows
 + Level 1.2 Armour
 + Level 1.6 Dodging
 - Level 0.4 Stealth


You had 4 spell levels left.
You didn't know any spells.
Your spell library was empty.

Dungeon Overview and Level Annotations

Branches:
Dungeon (4/15)             Temple (0/1) D:4

Altars:

Annotations:
D:3 Robin


Innate Abilities, Weirdness & Mutations

You have hooves in place of feet.
Armour fits poorly on your strangely shaped body.
You cover ground very quickly.
You have extremely tough skin. (AC +3)


Message History

* * * LOW HITPOINT WARNING * * *
Things that are here:
a +0 dagger; 17 stones; a goblin corpse 2 goblins come into view.
Robin shouts!
The goblin shouts!
You hear a shout!
Robin roars a battlecry!
The goblins go into a battle-frenzy!
You hear a shout! x2 2 goblins come into view.
The goblin shouts! x3
Robin throws the goblin at you!
As you read the scroll of teleportation, it crumbles to dust.
You feel strangely unstable. The goblin hits you with a +0 dagger.
* * * LOW HITPOINT WARNING * * *
Okay, then.
The goblin hits you with a +0 dagger.
Keep equipping yourself?
Uppercase [Y]es or [N]o only, please.
Keep equipping yourself?
You die...

###...... ...... ......
...... ....# g...# .....#.
..... #....# .. #.g.###....#
.....#
.###.#......g#####ggg..##
.........gr.... ..g. ..##
... #.....gg.####.# #.g.###
.# #..K.....#.(@g####......
.#####..........g.........#
.......(..........).......#
#####>.<#...#..###)(......##
# #...#.###.#.# #.)†......#
#....... ... #(........#
.....#....... . #..(((....#
##..##....... #.(....#..#
...# #.....? #####.## ..#
### #....... #... .#
#........ ###... #


You could see Robin and 6 goblins.

Vanquished Creatures
  An ogre (D:4)
  A bullfrog zombie (D:2)
  5 adders
  A worm (D:2)
  3 dart slugs
  A leopard gecko (D:2)
  An orc (D:3)
  A bat (D:2)
  3 giant cockroaches
  8 goblins
  3 hobgoblins (D:3)
  6 kobolds
  2 quokkas (D:2)
  3 frilled lizards
  4 rats
43 creatures vanquished.

Notes
Turn   | Place    | Note
-------+----------+-------------------------------------------
     0 | D:1      | Asser the Centaur Hunter began the quest for the Orb.
     0 | D:1      | Reached XP level 1. HP: 17/17 MP: 1/1
   130 | D:1      | You fall into a shaft and drop 1 floor!
   135 | D:2      | Reached XP level 2. HP: 24/24 MP: 2/2
   166 | D:2      | Reached skill level 6 in Bows
   420 | D:2      | Reached XP level 3. HP: 5/29 MP: 3/3
   474 | D:2      | Reached skill level 7 in Bows
   809 | D:2      | Reached XP level 4. HP: 36/36 MP: 4/4
  1389 | D:2      | You fall into a shaft and drop 2 floors!
  1395 | D:4      | Noticed an ogre
  1404 | D:4      | Killed an ogre
  1404 | D:4      | Reached skill level 8 in Bows
  1404 | D:4      | Reached skill level 1 in Armour
  1404 | D:4      | Reached XP level 5. HP: 14/41 MP: 5/5
  2054 | D:3      | Noticed Robin
  2339 | D:3      | Slain by a goblin

Levels and vault maps discovered:
D:1:      dpeg_arrival_castle, layout_rooms
D:2:      layout_basic, minmay_strange_pillars
D:3:      layout_rooms, hangedman_decor_slide_cut, minmay_mini_jars,
          uniq_crazy_yiuf_cottage, uniq_robin
D:4:      layout_gridville, minmay_temple_entry_nine_rooms,
          evilmike_ruin_ashenzari

Skill      XL: |  1  2  3  4 |
---------------+-------------+-----
Bows           | 6 7 8 |  8.5
Armour         | 1 |  1.2
Fighting       | |  2.0
Dodging        | |  1.6
Stealth        | |  0.4

Action                   |  1- 3 |  4- 6 || total
-------------------------+-------+-------++-------
Melee: Short sword       |       |    31 ||    31
       Kick              |       |     6 ||     6
 Fire: Shortbow          |    63 |    42 ||   105
  Use: Scroll            |     1 |     3 ||     4
  Eat: Ration            |       |     1 ||     1
Armor: Leather armour    |    13 |    14 ||    27
Dodge: Dodged            |    12 |    29 ||    41

Table legend:
 A = Non-vault XP
 B = Vault XP
 C = Vault XP percentage of total XP
 D = Non-vault monster count
 E = Vault monster count
 F = Vault count percentage of total count
                 A         B        C        D         E       F
            +---------+---------+-------+---------+---------+-------
      Total |     264 |      42 |  13.7 |      33 |      10 |  23.3
            +---------+---------+-------+---------+---------+-------
        D:1 |       6 |       0 |   0.0 |       4 |       0 |   0.0
        D:2 |     107 |       0 |   0.0 |      19 |       0 |   0.0
        D:3 |      29 |      42 |  59.2 |       9 |      10 |  52.6
        D:4 |     122 |       0 |   0.0 |       1 |       0 |   0.0
            +---------+---------+-------+---------+---------+-------
